 Dungeon Crawl Stone Soup version 0.18-a0-1521-g59d19af (webtiles) character file.

209 GrosslyIncandescent the Insei (level 5, -2/43 HPs)
             Began as a Mummy Monk on Mar 7, 2016.
             Slain by a gnoll
             ... wielding a +0 halberd
              (7 damage)
             ... on level 3 of the Dungeon.
             The game lasted 00:09:33 (9034 turns).

GrosslyIncandescent the Insei (Mummy Monk)          Turns: 9034, Time: 00:09:34

Health: -2/43      AC:  3    Str: 15    XL:     5   Next: 55%
Magic:  14/14      EV: 13    Int:  9    God:
Gold:   90         SH:  0    Dex: 15    Spells: 0 memorised, 4 levels left

rFire  . . .     SeeInvis .       - Unarmed
rCold  + . .     Gourm    .     (no armour)
rNeg   + + +     Faith    .     (no shield)
rPois  ∞         Spirit   .     f - +0 helmet
rElec  .         Dismiss  .     e - +0 cloak
rCorr  .         Reflect  .     l - +0 pair of gloves
SustAt .         Harm     .     (no boots)
MR     .....                    (no amulet)
Stlth  ++........               j - ring of magical power
                                d - ring of protection from fire

@: not resistant to hostile enchantments, unstealthy
A: no food or potions, fire vulnerability, cold resistance 1, negative energy
resistance 3, torment resistance, unbreathing
a: no special abilities


You were on level 3 of the Dungeon.
You were not hungry.

You visited 1 branch of the dungeon, and saw 4 of its levels.

You collected 90 gold pieces.


Innate Abilities, Weirdness & Mutations

You do not eat or drink.
Your flesh is vulnerable to fire.
You are immune to poison.
Your flesh is cold resistant.
You are immune to negative energy.
You are immune to unholy pain and torment.
You can survive without breathing.


   Skills:
 + Level 4.4 Fighting
 - Level 2.4 Dodging
 - Level 1.5 Stealth
 - Level 5.0 Unarmed Combat


You had 4 spell levels left.
You didn't know any spells.

Inventory:

Armour
 a - a +0 shield {Free EV}
 e - a +0 cloak (worn)
 f - a +0 helmet (worn)
 l - a +0 pair of gloves (worn)
Jewellery
 d - a ring of protection from fire (left hand)
 j - a ring of magical power (right hand)
Scrolls
 b - 2 scrolls of identify {@r1}
 c - a scroll of noise {unknown}
 g - a scroll of magic mapping
 h - a scroll of teleportation {@r4}
 i - 4 scrolls of fog
 k - 2 scrolls of remove curse

Dungeon Overview and Level Annotations

Branches:
Dungeon (4/15)
 Temple: D:4-7

Altars:
Gozag

Shops:
D:2 *

Annotations:
D:3 exclusions: downstairs, ogre, orc wizard and 2 more exclusions
D:4 bl4d3's ghost, amateur GrFi

....▒..........▒.▒
▒.▒.▒..........▒.▒
....▒.▒▒.▒▒▒▒▒▒▒.▒
▒▒▒.▒.▒▒.▒ ▒.▒
▒.▒g▒▒.▒ ▒.▒
▒.▒g▒▒.▒ ▒.▒
▒.▒.▒▒.▒ ▒.▒
▒.▒g▒▒.▒ ▒w▒
▒.▒g▒▒.▒ ▒M▒
▒.▒.▒▒g▒ ▒.▒
▒.▒.▒▒.▒ ▒g▒
▒.▒.▒▒.▒ ▒g▒
▒.▒.▒▒g▒ ▒g▒
▒.▒.▒▒g▒ ▒g▒
▒<▒.▒▒.▒ ▒.▒
▒▒▒▒▒.▒▒.▒▒▒▒▒▒▒.▒
.gg...▒▒..gg.g...▒


You could see a worm and 4 gnolls.


Message History

The gnoll hits you from afar with a halberd!
You pummel the worm but do no damage! You punch the worm, but do no damage!
The gnoll hits you from afar with a halberd! * * * don't die
* * * The worm bites you! * * * don't die
* * * You barely miss the worm!
You punch the worm, but do no damage! You barely miss the worm!
The gnoll closely misses you! The worm bites you! * * * don't die
* * * You pulverise the worm!
The worm is lightly wounded!
The gnoll closely misses you!
You barely miss the worm!
The worm is lightly wounded!
The worm bites you but does no damage! The gnoll closely misses you!
You squash the worm like an ant!!!
The worm is heavily wounded!
You barely miss the worm!
The worm is heavily wounded!
The gnoll barely misses you! The worm bites you! * * * don't die
* * * You barely miss the worm!
The worm is moderately wounded!
The gnoll misses you!
You barely miss the worm!
The worm is moderately wounded!
The worm bites you! * * * don't die
* * * The gnoll hits you from afar with a halberd!!! rip

Action                   |  1- 3 |  4- 6 || total
-------------------------+-------+-------++-------
Melee: Unarmed           |   152 |   224 ||   376
  Use: Scroll            |       |     4 ||     4
 Stab: Sleeping          |     4 |     5 ||     9
       Distracted        |       |     2 ||     2

Vault maps used:
D:1:      roderic_dead_forest
D:2:      nicolae_gozag_zags_fifth_avenue
D:3:      minmay_tree_intersection, kennysheep_generic_room_15
D:4:      old_standard_altar, uniq_grinder

Notes
Turn   | Place    | Note
--------------------------------------------------------------
     0 | D:1      | GrosslyIncandescent the Mummy Monk began the quest for the Orb.
     0 | D:1      | Reached XP level 1. HP: 18/18 MP: 1/1
   119 | D:1      | Reached XP level 2. HP: 20/24 MP: 2/2
  1015 | D:2      | Reached skill level 4 in Unarmed Combat
  1222 | D:2      | Reached XP level 3. HP: 22/29 MP: 3/3
  1504 | D:2      | Found Gozag's Platinum Reserve.
  1515 | D:2      | Found an opulent altar of Gozag.
  4241 | D:1      | Reached XP level 4. HP: 35/35 MP: 4/4
  7180 | D:3      | Reached skill level 5 in Unarmed Combat
  7728 | D:3      | Noticed an ogre
  8152 | D:4      | Noticed bl4d3's ghost (amateur GrFi)
  8263 | D:4      | Reached XP level 5. HP: 41/41 MP: 5/5
  8502 | D:3      | Reached skill level 4 in Fighting
  9034 | D:3      | Slain by a gnoll

Vanquished Creatures
  An orc priest (D:3)
  6 adders
  A gnoll (D:3)
  An ooze (D:3)
  3 worms
  2 dart slugs (D:1)
  2 giant geckos (D:2)
  12 orcs (D:3)
  2 ball pythons
  7 bats
  7 giant cockroaches
  8 goblins
  8 hobgoblins
  A jackal (D:1)
  2 quokkas
  6 giant newts
  12 kobolds
  7 rats
88 creatures vanquished.
